 Dungeon Crawl Stone Soup version 0.21-a0-521-g1cd18d1 (webtiles) character file.

3227 Spazmo the Thaumaturge (level 9, -7/45 HPs)
             Began as a Deep Elf Conjurer on Dec 4, 2017.
             Was an Elder of Sif Muna.
             Mangled by a hornet (14 damage)
             ... on level 7 of the Dungeon on Dec 5, 2017.
             The game lasted 00:22:28 (6633 turns).

Spazmo the Thaumaturge (Deep Elf Conjurer)          Turns: 6633, Time: 00:22:28

Health: -7/45      AC:  5    Str:  5    XL:     9   Next: 66%
Magic:  12/27      EV: 13    Int: 24    God:    Sif Muna [****..]
Gold:   397        SH:  0    Dex: 15    Spells: 21/32 levels left

rFire    . . .     SeeInvis .   i - +2 short sword (venom)
rCold    . . .     Gourm    .   (no shield)
rNeg     . . .     Faith    .   a - +0 robe
rPois    .         Spirit   .   r - +0 helmet
rElec    .         Reflect  .   (no cloak)
rCorr    .         Harm     .   j - +1 pair of gloves
MR       .....                  (no boots)
Stlth    ++........             (no amulet)
HPRegen  0.15/turn              (no ring)
MPRegen  0.20/turn              (no ring)

@: lethally poisoned (-7 -> -17), slowed, very slow
A: no striking features
a: Divine Energy, Channel Magic, Forget Spell, Renounce Religion


You were on level 7 of the Dungeon.
You worshipped Sif Muna.
Sif Muna was greatly pleased with you.
You were not hungry.

You visited 1 branch of the dungeon, and saw 8 of its levels.

You collected 397 gold pieces.

Inventory:

Hand Weapons
 i - a +2 short sword of venom (weapon)
Missiles
 e - 193 stones (quivered)
Armour
 a - a +0 robe (worn)
 j - a +1 pair of gloves (worn)
 r - a +0 helmet (worn)
Jewellery
 p - an uncursed ring of fire
Wands
 n - a wand of iceblast (8)
 s - a wand of random effects (28)
Scrolls
 d - a scroll of enchant weapon
 f - 8 scrolls of identify
 h - a scroll of enchant armour
 o - a scroll of fear
 q - a scroll of magic mapping
 u - 3 scrolls of remove curse
 y - 2 scrolls of teleportation
Potions
 g - a potion of heal wounds
 m - 2 potions of flight
 t - 2 potions of agility
 v - a potion of ambrosia
 x - a potion of mutation
Books
 b - a book of Conjurations

   Spells                             Type                      Level
   a - Magic Dart                     Conjuration                  1
   b - Searing Ray                    Conjuration                  2
   c - Dazzling Spray                 Conjuration/Hexes            3
   d - Fulminant Prism                Conjuration/Hexes            4
   e - Force Lance                    Conjuration/Translocation    4
   f - Iskenderun's Mystic Blast      Conjuration                  4
 z - a book of Cantrips

   Spells                             Type                      Level
   a - Confusing Touch                Hexes                        1
   b - Animate Skeleton               Necromancy                   1
   c - Summon Small Mammal            Summoning                    1
   d - Apportation                    Translocation                1
Comestibles
 c - 5 bread rations
 k - 7 meat rations
 l - 7 fruits
 w - 2 royal jellies
 A - a chunk of flesh


   Skills:
 - Level 3.0 Dodging
 - Level 3.1 Stealth
 + Level 12.0 Spellcasting
 + Level 10.9 Conjurations
 - Level 3.6 Translocations


You had 21 spell levels left.
You knew the following spells:

 Your Spells              Type           Power        Failure   Level  Hunger
a - Magic Dart            Conj           ####         1%          1    None
b - Searing Ray           Conj           ######       1%          2    None
c - Force Lance           Conj/Tloc      #####...     1%          4    None
d - Iskenderun's Mystic   Conj           ######..     1%          4    None


Dungeon Overview and Level Annotations

Branches:
Dungeon (8/15)             Temple (0/1) D:6
   Lair: D:8-11

Altars:
Ashenzari
Dithmenos
Elyvilon
Gozag
Kikubaaqudgha
Makhleb
Nemelex Xobeh
Qazlal
Sif Muna
Xom
Zin
The Shining One

Shops:
D:7 *


Message History

The shadow imp closely misses you. The hornet stings you.
You suddenly lose the ability to move!
The hornet stings you!
You feel as though you will be slow longer.
The shadow imp hits you.
You can move again.
Casting: Searing Ray
Confirm with . or Enter, or press ? or * to list all spells.
Aiming: Searing Ray
Press: ? - help, Shift-Dir - straight line, f/p - hornet
Aim: a hornet (heavily wounded)
The searing ray hits the hornet.
The hornet is heavily wounded. (Press . to maintain the ray.)
The hornet stings you!
* * * LOW HITPOINT WARNING * * *
You are lethally poisoned!
You feel as though you will be slow longer.
The shadow imp completely misses you. The hornet stings you!
You die...

≈≈≈≈≈≈≈≈≈≈≈≈≈≈≈≈≈≈P≈P≈≈≈####
≈P≈≈≈≈≈≈≈≈≈≈≈≈≈≈≈≈≈≈≈≈≈≈≈≈≈≈
≈≈≈≈≈≈.≈≈.≈≈≈≈≈≈≈≈≈≈≈≈≈≈≈≈≈#
...≈≈≈......≈≈≈≈≈≈≈≈.#######
##........................#
#.###..#...#.............#
#.....#...###....#########
##.##.....## #.y..#
<..##.....# #[5@.#
#####....## #....# #....#
###### #..).# #...÷# #..<.#
#....# #....# #....#


You could see a hornet and a shadow imp.

Vanquished Creatures
  The ghost of Hafrunt the Changer, a novice MfTm (D:5)
  A hornet (D:7)
  2 hippogriffs (D:7)
  A vampire mosquito (D:6)
  A water moccasin (D:6)
  A sky beast (D:5)
  A black bear (D:7)
  An ice beast (D:6)
  4 ogres
  A centaur (D:7)
  A big kobold (D:7)
  5 bullfrogs
  2 scorpions
  4 electric eels (D:7)
  A howler monkey (D:6)
  A centaur zombie (D:5)
  4 crimson imps
  A jelly (D:6)
  A bullfrog skeleton (D:7)
  4 orc priests
  A centaur skeleton (D:4)
  An iguana (D:6)
  4 orc wizards
  2 worker ants (D:4)
  2 hound skeletons (D:4)
  2 worker ant zombies (D:6)
  Robin (D:2)
  4 adders
  A shadow imp (D:6)
  An adder zombie (D:7)
  An adder skeleton (D:5)
  A worm (D:2)
  4 dart slugs
  5 leopard geckos
  35 orcs
  2 ball pythons
  3 giant cockroaches
  16 goblins
  8 hobgoblins
  3 jackals (D:3)
  10 kobolds
  5 quokkas
  4 bats
  2 frilled lizards
  A jackal skeleton (D:7)
  A jackal zombie (D:6)
  2 leopard gecko skeletons
  2 quokka skeletons
  6 rats
168 creatures vanquished.

Notes
Turn   | Place    | Note
-------+----------+-------------------------------------------
     0 | D:1      | Spazmo the Deep Elf Conjurer began the quest for the Orb.
     0 | D:1      | Reached XP level 1. HP: 10/10 MP: 6/6
   137 | D:1      | Reached XP level 2. HP: 15/15 MP: 4/8
   141 | D:1      | Learned a level 2 spell: Searing Ray
   773 | D:2      | Reached XP level 3. HP: 19/19 MP: 3/10
   991 | D:2      | Found an ancient bone altar of Kikubaaqudgha.
  1047 | D:2      | Noticed Robin
  1125 | D:2      | Killed Robin
  1125 | D:2      | Reached skill level 4 in Spellcasting
  1125 | D:2      | Reached skill level 5 in Conjurations
  1365 | D:2      | Found an opulent altar of Gozag.
  1365 | D:2      | Found a glowing silver altar of Zin.
  1466 | D:2      | Reached XP level 4. HP: 24/24 MP: 8/12
  1925 | D:3      | Reached skill level 5 in Spellcasting
  1925 | D:3      | Reached XP level 5. HP: 28/28 MP: 6/14
  2228 | D:3      | Learned a level 4 spell: Force Lance
  2233 | D:3      | Learned a level 4 spell: Iskenderun's Mystic Blast
  2387 | D:3      | Found a deep blue altar of Sif Muna.
  2395 | D:3      | Became a worshipper of Sif Muna the Loreminder
  2505 | D:3      | Found a shattered altar of Ashenzari.
  2968 | D:4      | Reached skill level 6 in Spellcasting
  2968 | D:4      | Reached XP level 6. HP: 11/32 MP: 10/17
  3147 | D:4      | Reached skill level 1 in Translocations
  3206 | D:4      | Found a shadowy altar of Dithmenos.
  3642 | D:5      | Entered Level 5 of the Dungeon
  3761 | D:5      | Reached * piety under Sif Muna
  3781 | D:5      | Reached XP level 7. HP: 35/36 MP: 11/19
  3848 | D:5      | Noticed Hafrunt's ghost (novice MfTm)
  3932 | D:5      | Killed Hafrunt's ghost
  3932 | D:5      | Reached skill level 7 in Spellcasting
  4499 | D:5      | Found a glowing golden altar of the Shining One.
  4674 | D:5      | Reached skill level 8 in Spellcasting
  4704 | D:5      | Found a stormy altar of Qazlal.
  4753 | D:5      | Upgraded the game from 0.21-a0-519-gb765982 to 0.21-a0-521-g1cd18d1
  4776 | D:6      | Reached XP level 8. HP: 41/41 MP: 14/22
  4829 | D:6      | Found a transporter.
  4829 | D:6      | Found a transporter.
  4833 | D:6      | Found a sparkling altar of Nemelex Xobeh.
  4849 | D:6      | Reached ** piety under Sif Muna
  4931 | D:6      | Reached skill level 9 in Spellcasting
  5274 | D:6      | Found a burning altar of Makhleb.
  5316 | D:6      | Found a staircase to the Ecumenical Temple.
  5388 | D:6      | Reached skill level 10 in Spellcasting
  5520 | D:6      | Reached *** piety under Sif Muna
  5808 | D:7      | Reached XP level 9. HP: 39/45 MP: 14/25
  5835 | D:7      | Found a shimmering altar of Xom.
  6058 | D:7      | Reached skill level 10 in Conjurations
  6062 | D:7      | Reached skill level 11 in Spellcasting
  6275 | D:7      | Found Fuhoqud's General Store.
  6276 | D:7      | Found a white marble altar of Elyvilon.
  6426 | D:7      | Reached **** piety under Sif Muna
  6447 | D:7      | Reached skill level 12 in Spellcasting
  6631 | D:7      | Paralysed by a hornet for 2 turns
  6633 | D:7      | Mangled by a hornet

Vault maps used:
D:1:      tarquinn_simple_flora_water_b
D:2:      grunt_temple_overflow_gold_and_silver, nicolae_overflow_crystal_walls,
          minivault_11, uniq_robin
D:3:      lemuel_doored_altar, lemuel_round_altar, nicolae_underground_beach
D:4:      old_standard_altar, grunt_ministairs_7, kennysheep_generic_room_7
D:5:      nicolae_qazlal_eye_of_the_storm, lemuel_coloured_pillars_altar,
          first_bread
D:6:      gammafunk_temple_overflow_arena, overflow_temple_1_default,
          minmay_temple_entry_butterflies, minmay_misc_feat_square,
          minmay_stone_trees_small
D:7:      lemuel_round_altar, overflow_temple_1_default, serial_shops, shop,
          grunt_ogre_cave, kennysheep_pointless_box, chequers_big_river,
          minmay_misc_feat_plants
D:8:      dpeg_lair_monsters, fedhas_altar_2, uniq_psyche

Skill      XL: |  1  2  3  4  5  6  7  8  9 |
---------------+----------------------------+-----
Stealth        | 3 |  3.1
Dodging        | 3 |  3.0
Spellcasting   | 4 5 6 8 10 12 | 12.0
Conjurations   | 5 6 7 9 10 | 10.9
Translocations | 2 3 |  3.6

Action                   |  1- 3 |  4- 6 |  7- 9 || total
-------------------------+-------+-------+-------++-------
Melee: Short sword       |    13 |     3 |    10 ||    26
 Cast: Magic Dart        |    72 |   170 |   109 ||   351
       Searing Ray       |     1 |     5 |    32 ||    38
       Iskenderun's Myst |       |       |    14 ||    14
       Force Lance       |       |       |     1 ||     1
  Use: Scroll            |     7 |     4 |     4 ||    15
       Potion            |       |     6 |     1 ||     7
  Eat: Chunk             |     1 |     4 |     7 ||    12
       Bread ration      |       |     1 |       ||     1
       Fruit             |       |       |     1 ||     1
Armor: Robe              |     9 |    11 |    28 ||    48
Dodge: Dodged            |    15 |    31 |    63 ||   109

Table legend:
 A = Spawn XP
 B = Non-spawn XP
 C = Spawn XP percentage of total XP
 D = Spawn monster count
 E = Non-spawn monster count
 F = Spawn count percentage of total count
 G = Total turns spent on level
                    A         B        C        D         E        F      G
               +---------+---------+-------+---------+---------+-------+---------
         Total |       0 |    4611 |   0.0 |       0 |     168 |   0.0 |  6633
               +---------+---------+-------+---------+---------+-------+---------
           D:1 |       0 |      27 |   0.0 |       0 |      15 |   0.0 |   541
           D:2 |       0 |      72 |   0.0 |       0 |      27 |   0.0 |  1049
           D:3 |       0 |     266 |   0.0 |       0 |      41 |   0.0 |  1319
           D:4 |       0 |     304 |   0.0 |       0 |      15 |   0.0 |   733
           D:5 |       0 |     708 |   0.0 |       0 |      16 |   0.0 |  1127
           D:6 |       0 |    1235 |   0.0 |       0 |      24 |   0.0 |   989
           D:7 |       0 |    1986 |   0.0 |       0 |      29 |   0.0 |   868
           D:8 |       0 |      13 |   0.0 |       0 |       1 |   0.0 |     7
               +---------+---------+-------+---------+---------+-------+---------
